 Dungeon Crawl Stone Soup version 0.28-a0-723-g095bd1b44f (webtiles) character file.

Game seed: 9888709509673400571

3244 ytrimaz the Cleaver (level 10, -1/118 HPs)
             Began as a Formicid Fighter on Oct 25, 2021.
             Was a Follower of Okawaru.
             Killed by divine providence
             ... invoked by an orc priest
              (11 damage)
             ... on level 8 of the Dungeon.
             The game lasted 00:10:30 (10899 turns).

ytrimaz the Cleaver (Formicid Fighter)             Turns: 10899, Time: 00:10:32

Health: -1/118     AC: 25    Str: 25    XL:     10   Next: 18%
Magic:  11/13      EV:  2    Int:  9    God:    Okawaru [*.....]
Gold:   367        SH:  5    Dex: 10    Spells: 9/9 levels left

rFire   . . .      SeeInvis .   h - +9 quarterstaff "Puamyp" {freeze, Int+2 Stlth+}
rCold   . . .      Faith    .   c - +0 buckler
rNeg    . . .      Spirit   .   (armour currently unavailable)
rPois   +          Reflect  .   (helmet unavailable)
rElec   .          Harm     .   (cloak currently unavailable)
rCorr   .          Rampage  .   (gloves currently unavailable)
Will    +....                   (boots currently unavailable)
Stlth   ++++......              (no amulet)
HPRegen 0.29/turn               (no ring)
MPRegen 0.13/turn               (no ring)

@: tree-form, heroic
A: stationary, stasis, torment immunity, boosted hp, permanent stasis, dig
shafts and tunnels, (antennae 3), four strong arms
a: Renounce Religion, Heroism


You were on level 8 of the Dungeon.
You worshipped Okawaru.
Okawaru was aware of your devotion.
You were a tree.
You visited 2 branches of the dungeon, and saw 9 of its levels.
You also visited: Sewer.

You collected 367 gold pieces.

Inventory:

Hand Weapons
 a - a +1 war axe of flaming
 h - the +9 quarterstaff "Puamyp" (weapon) {freeze, Int+2 Stlth+}
   (You found it on level 7 of the Dungeon)

   It freezes those it strikes, dealing additional cold damage.
   It can also slow down cold-blooded creatures.
   Int:       It affects your intelligence (+2).
   Stlth:     It makes you more stealthy.
Armour
 c - a +0 buckler (worn)
 g - a +0 cloak (melded)
 o - a +0 plate armour (melded)
 s - a +0 pair of boots (melded)
Wands
 b - a wand of polymorph (5)
 k - a wand of flame (21)
 r - a wand of digging (4)
Potions
 e - 2 potions of mutation
 f - a potion of cancellation
 i - 2 potions of berserk rage
 j - a potion of heal wounds {unknown}
 l - a potion of degeneration {unknown}
 m - 2 potions of might
 p - a potion of resistance {unknown}


   Skills:
 + Level 7.2(12.2) Fighting
 - Level 8.6(13.6) Axes
 * Level 3.8(8.8) Staves
 - Level 0.2(5.2) Throwing
 + Level 8.5(13.5) Armour
 - Level 3.6(8.6) Shields
 * Level 4.3 Invocations


You had 9 spell levels left.
You didn't know any spells.
Your spell library contained the following spells:

 Spells                   Type           Power      Damage    Failure   Level
 Foxfire                  Conj/Fire      0%         2x1d4     38%         1
 Dazzling Flash           Conj/Hex       0%         N/A       77%         3
 Sticky Flame             Conj/Fire      0%         2d3       99%         4
 Summon Small Mammal      Summ           Unusable   N/A       N/A         1

Dungeon Overview and Level Annotations

Branches:
Dungeon (8/15)             Temple (1/1) D:5           Sewer (visited)
   Lair: D:8-11

Altars:
Ashenzari
Cheibriados
Elyvilon
Fedhas
Gozag
Kikubaaqudgha
Makhleb
Nemelex Xobeh
Okawaru
Qazlal
Ru
Sif Muna
Trog
Uskayaw
Wu Jian
Xom
Yredelemnul
Zin
The Shining One

Shops:
D:1 ?   D:6 [


Innate Abilities, Weirdness & Mutations

You are a tree.
Your roots penetrate the ground, keeping you stationary.
You cannot be teleported.
You are immune to unholy pain and torment.
Your maximum health is greatly increased.
Your equipment is partially melded.
You cannot be hasted, slowed, berserked, paralysed or teleported.
You can dig through walls and to a lower floor.
((You have a pair of large antennae on your head. (SInv)))
Your four strong arms can wield two-handed weapons with a shield.


Message History

The orc shouts!
The orc priest shouts! x2
The orc throws a boomerang.
The boomerang barely misses you.
An orc priest comes into view.
It is wielding a +0 hand axe. 2 orcs and an orc priest come into view.
The orc priest shouts! x2; The orc shouts!
The orc throws a boomerang.
The boomerang hits you but does no damage.
An orc comes into view. It is wielding a +0 short sword.
The orc shouts!
The orc priest mumbles some strange prayers to Beogh against you.
Beogh smites you!
The orc priest invokes the aid of Beogh against you.
Beogh smites you!
The orc priest mumbles some strange prayers to Beogh against you.
Beogh smites you! The orc hits you but does no damage.
You hit the orc. You freeze the orc.
The orc is severely wounded.
The orc priest calls down the wrath of Beogh upon you.
Beogh smites you!
The orc priest mumbles some strange prayers to Beogh against you.
Beogh smites you!
* * * LOW HITPOINT WARNING * * *
The orc barely misses you.
The orc priest begins to cast a cantrip, but forgets the words!
The orc closely misses you.
Really quaff the potion of lignification?
You turn into a tree.
Your +0 cloak melds into your body.
Your +0 pair of boots melds into your body.
Your +0 plate armour melds into your body.
Your roots penetrate the ground.
You block the orc's attack.
The orc priest hits you but does no damage. x2
The orc hits you but does no damage.
You gain the combat prowess of a mighty hero.
The orc hits you but does no damage.
The orc priest invokes the aid of Beogh against you.
Beogh smites you!
* * * LOW HITPOINT WARNING * * *
The orc priest mumbles some strange prayers to Beogh against you.
Beogh smites you!
You die...

#.#.#.# ..... ###.#...#
..... #........ ......
#########.#.##... ......
#................
......##..........##..(#
.......................#
......oo...............#
.....oo♣o######......>.#
.....ooo.# #.....#..#
###...o### #.....#..#
#.... #....##..# ......
#........# .......
#....#...# .......
#...<#...# .......
##....#...# ##.........#


You could see 4 orc priests and 5 orcs.

Vanquished Creatures
  Grinder (D:3)
  Sigmund (D:3)
  Eustachio (D:6)
  A basilisk (D:7)
  2 water moccasins (D:6)
  A black bear (D:4)
  An orc warrior (D:5)
  2 sky beasts
  2 necrophages
  3 centaurs (D:8)
  An ogre (D:5)
  3 phantoms
  5 bullfrogs
  An electric eel (D:8)
  4 howler monkeys
  A bullfrog zombie (D:6)
  2 hounds
  A jelly (D:5)
  An iguana (D:6)
  10 orc wizards
  A scorpion zombie (D:5)
  2 hound skeletons (D:4)
  Robin (D:3)
  10 adders
  4 gnolls (D:2)
  2 howler monkey skeletons
  A white imp (D:6)
  3 worms
  2 dart slugs
  13 orcs
  5 bats
  9 endoplasms
  16 giant cockroaches
  12 hobgoblins
  4 jackals (D:2)
  11 quokkas
  19 ball pythons
  8 frilled lizards
  14 goblins
  10 kobolds
  A quokka skeleton (D:4)
  4 rats
196 creatures vanquished.

Vanquished Creatures (collateral kills)
  A bullfrog skeleton (D:5)
1 creature vanquished.

Grand Total: 197 creatures vanquished

Notes
Turn   | Place    | Note
-------+----------+-------------------------------------------
     0 | D:1      | ytrimaz the Formicid Fighter began the quest for the Orb.
     0 | D:1      | Reached XP level 1. HP: 18/18 MP: 1/1
   259 | D:1      | Found Laiz's Magic Scroll Shop.
   599 | D:1      | Reached XP level 2. HP: 21/24 MP: 2/2
   989 | D:2      | Reached XP level 3. HP: 22/30 MP: 3/3
  1175 | D:2      | Reached XP level 4. HP: 8/37 MP: 4/4
  1480 | D:2      | Found a faded altar of an unknown god.
  2538 | D:2      | Reached XP level 5. HP: 37/42 MP: 5/5
  3382 | D:3      | Noticed Sigmund
  3391 | D:3      | Killed Sigmund
  3392 | D:3      | Reached skill level 5 in Fighting
  3392 | D:3      | Reached XP level 6. HP: 25/51 MP: 6/6
  3645 | D:3      | Noticed Robin
  3647 | D:3      | Reached skill level 5 in Armour
  3648 | D:3      | Noticed Grinder
  3664 | D:3      | Killed Robin
  3682 | D:3      | Killed Grinder
  3683 | D:3      | Reached skill level 5 in Axes
  3683 | D:3      | Reached XP level 7. HP: 28/56 MP: 7/7
  4802 | D:4      | Reached XP level 8. HP: 51/63 MP: 8/8
  5069 | D:4      | Got the Volume of Paper
  5597 | D:5      | Entered Level 5 of the Dungeon
  5706 | D:5      | Found a glowing drain.
  5850 | Sewer    | Entered a sewer
  6484 | D:5      | Found a staircase to the Ecumenical Temple.
  6557 | Temple   | Entered the Ecumenical Temple
  6644 | Temple   | Became a worshipper of Warmaster Okawaru
  6733 | D:5      | Found a glowing golden altar of the Shining One.
  6800 | D:5      | Reached XP level 9. HP: 61/69 MP: 9/9
  7222 | D:5      | Found a shimmering blue altar of Sif Muna.
  7229 | D:5      | Reached skill level 1 in Invocations
  7234 | D:5      | Got Sif Muna's Papyrus of the Blaze and Creation
  7255 | D:5      | Found a bloodstained altar of Trog.
  7461 | D:6      | Found an ancient bone altar of Kikubaaqudgha.
  7522 | D:6      | Found Baumpoupn's Armour Emporium.
  7557 | D:6      | Identified the +1 ring mail of Hopscotch {Harm Str+4 Dex+4}
  7574 | D:6      | Noticed Eustachio
  7614 | D:6      | Killed Eustachio
  7635 | D:6      | Reached * piety under Okawaru
  8403 | D:7      | Identified the +9 quarterstaff "Puamyp" {freeze, Int+2
                  | Stlth+}
  8607 | D:7      | Found a sacrificial altar of Ru.
  8615 | D:7      | Reached skill level 1 in Staves
  8763 | D:7      | Reached XP level 10. HP: 76/79 MP: 12/12
 10899 | D:8      | Killed from afar by an orc priest

Illustrated notes

Levels and vault maps discovered:
D:1:      dpeg_arrival_erosion, layout_loops_ring, serial_shops,
          nicolae_shop_behind_doors, serial_co_window_serial, co_window_paths_a,
          co_window_paths_b, co_window_cross_1, co_window_cross_1,
          co_window_paths_a, co_window_broadway_b, co_window_corner_ca,
          co_window_paths_c, co_window_of_opportunity_c, co_window_2corner,
          co_window_4corner_a, glass_columns_a, glass_columns_a,
          glass_columns_b, hangedman_decor_clover_reticule
D:2:      layout_basic, shapermc_ecumenical_altar_venn
D:3:      layout_loops_ring, st_stairs_2, grunt_ministairs_1,
          minmay_misc_feat_rugged, uniq_robin, uniq_grinder, uniq_sigmund
D:4:      layout_basic, minmay_a_box_with_orc_wizards_in_it
D:5:      layout_cave_pods, nzn_overflow_gifts_of_might_and_magic,
          nicolae_tso_carved_into_rock, temple_pool_b,
          cheibrodos_sewer_entry_sluice
D:6:      layout_cave_pools, mainiacjoe_overflow_surrounded_room, serial_shops,
          shop, uniq_eustachio
D:7:      layout_basic, nicolae_ru_great_annihilating_truth,
          kennysheep_small_square
D:8:      nicolae_whirlpool, layout_basic, serial_bayou_lake_a
Temple:   jpeg_temple_clearing

Skill      XL: |  1  2  3  4  5  6  7  8  9 10 |
---------------+-------------------------------+-----
Armour         | 4 5 6 7 8 |  8.5
Fighting       | 4 5 6 7 |  7.2
Axes           | 3 4 5 7 8 |  8.6
Invocations    | 3 4 |  4.3
Staves         | 2 3 |  3.8
Throwing       | |  0.2
Shields        | |  3.6

Action                   |  1- 3 |  4- 6 |  7- 9 | 10-12 || total
-------------------------+-------+-------+-------+-------++-------
Melee: War axe           |    39 |   122 |   369 |       ||   530
       Quarterstaff      |       |       |    42 |    21 ||    63
Throw: Throwing net      |       |     2 |       |       ||     2
Invok: Heroism           |       |       |     2 |     1 ||     3
 Abil: Dig               |       |       |     1 |     2 ||     3
  Use: Potion            |     1 |       |     1 |     2 ||     4
       Scroll            |       |     3 |     9 |     2 ||    14
 Stab: Held in net/web   |       |     2 |       |       ||     2
       Invisible         |       |       |     5 |       ||     5
Armor: Scale mail        |    21 |    54 |    65 |       ||   140
       Plate armour      |       |       |   196 |    69 ||   265
       Skin              |       |       |       |     4 ||     4
Dodge: Dodged            |    21 |    57 |   185 |    53 ||   316
Block: Buckler           |    11 |    20 |    95 |    24 ||   150

Table legend: (Time is in decaauts)
 A = Elapsed time spent in this place.
 B = Non-inter-level travel time spent in this place.
 C = Inter-level travel time spent in this place.
 D = Time resting spent in this place.
 E = Time spent auto-exploring this place.
 F = Levels seen in this place.
 G = Mean time per level.
                   A        B        C        D        E       F      G
               +--------+--------+--------+--------+--------+-----+--------+
         Total |  11092 |  10665 |    427 |   2417 |   6316 |  10 | 1109.2 |
       Dungeon |  10422 |  10012 |    410 |   2238 |   6237 |   8 | 1302.8 |
        Temple |    105 |     88 |     17 |      0 |     55 |   1 |  105.0 |
         Sewer |    563 |    563 |      0 |    179 |     24 |   1 |  563.0 |
               +--------+--------+--------+--------+--------+-----+--------+

Top non-repeatable levels by time:
     D:2: 2042 daAuts
     D:8: 1689 daAuts
     D:4: 1494 daAuts
     D:5: 1245 daAuts
     D:3: 1184 daAuts
     D:7: 968 daAuts
     D:1: 953 daAuts
     D:6: 844 daAuts
   Sewer: 563 daAuts
  Temple: 105 daAuts
